 Dungeon Crawl Stone Soup version 0.26-a0-1191-ge2a0e31ab3 (webtiles) character file.

Game seed: 16733733496022359149

107 sokol815 the Sneak (level 4, 0/29 HPs)
             Began as an Octopode Gladiator on Dec 29, 2020.
             Shot with a stone by a goblin (2 damage)
             ... led by Robin
             ... on level 3 of the Dungeon.
             The game lasted 00:04:32 (2633 turns).

sokol815 the Sneak (Octopode Gladiator)             Turns: 2633, Time: 00:04:33

Health: 0/29       AC:  1    Str: 13    XL:     4   Next: 85%
Magic:  4/4        EV: 14    Int: 11    God:
Gold:   106        SH:  0    Dex: 13    Spells: 3/3 levels left

rFire    . . .     SeeInvis .   a - +2 dagger (vamp)
rCold    . . .     Faith    .   (no shield)
rNeg     . . .     Spirit   .   b - +0 hat
rPois    .         Reflect  .   (no amulet)
rElec    .         Harm     .   (no ring)
rCorr    .         Rampage  .   (no ring)
Will     .....                  (no ring)
Stlth    ++++......             (no ring)
HPRegen  0.09/turn              (no ring)
MPRegen  0.09/turn              (no ring)
                                (no ring)
                                (no ring)

@: flying
A: almost no armour, stealthy swim, amphibious, 8 rings, constrict 8, camouflage
1, gelatinous body 1
a: no special abilities


You were on level 3 of the Dungeon.
You visited 1 branch of the dungeon, and saw 3 of its levels.

You collected 106 gold pieces.

Inventory:

Hand Weapons
 a - a +2 vampiric dagger (weapon)
   (You found it on level 1 of the Dungeon)
 e - a +0 long sword
 h - a +1 dagger of venom
   (You took it off a goblin on level 1 of the Dungeon)
 k - a +1 short sword of flaming
   (You found it on level 2 of the Dungeon)
Missiles
 c - 3 throwing nets {=f, !d}
 d - 57 stones (quivered)
 f - 18 poisoned darts
 g - 48 sling bullets
Armour
 b - a +0 hat (worn)
Scrolls
 n - a scroll of identify
 o - a scroll of fog {unknown}
 p - 2 scrolls of teleportation
 r - a scroll of fear {unknown}
 s - a scroll of enchant weapon {unknown}
Potions
 i - a potion of resistance {unknown}
 j - a potion of flight
 l - a potion of lignification {unknown}
 m - a potion of ambrosia {unknown}
 q - a potion of curing {unknown}


   Skills:
 - Level 2.0 Fighting
 * Level 2.9(3.5) Short Blades
 - Level 3.0(3.5) Long Blades
 - Level 2.0 Throwing
 - Level 3.0 Dodging
 * Level 4.3 Stealth


You had 3 spell levels left.
You didn't know any spells.
Your spell library was empty.

Dungeon Overview and Level Annotations

Branches:
Dungeon (3/15)

Altars:
Ashenzari
Cheibriados
Elyvilon
Fedhas
Uskayaw
Xom

Annotations:
D:3 Robin


Innate Abilities, Weirdness & Mutations

You cannot wear most types of armour.
You are very stealthy in the water. (Stealth+)
You are amphibious.
You can wear up to eight rings at the same time.
You can use your tentacles to constrict eight enemies at once.
Your skin changes colour to match your surroundings (Stealth+).
Your rubbery body absorbs attacks. (AC +1, EV +1)


Message History

t - a +0 short sword You feel sick.
You take 1 damage, and have 19/29 hp.
You drop a +0 short sword.
You feel sick.
f - 18 poisoned darts (gained 1)
You see here a kobold corpse.
You feel sick.
You take 1 damage, and have 18/29 hp.
There are no objects that can be picked up here. a kobold corpse You start resting.
You feel sick. x3
An orc comes into view. It is wielding a +0 dagger.
You take 3 damage, and have 15/29 hp.
You feel sick.
You take 1 damage, and have 15/29 hp.
You feel sick.
You take 1 damage, and have 14/29 hp.
You feel sick.
You take 1 damage, and have 13/29 hp.
You feel sick.
You are no longer poisoned.
You take 1 damage, and have 13/29 hp.
There is a stone staircase leading up here.
You climb upwards.
There is a stone staircase leading down here.
You start resting.
Health restored: 29 You climb downwards.
There is a stone staircase leading up here.
An orc comes into view. It is wielding a +0 flail.
You throw a stone. The orc shouts!
The stone hits the orc.
You hear a shout! x8
You hit the orc. Your grab misses the orc.
You hear a shout!
The orc closely misses you.
You hit the orc but do no damage. You grab the orc. You constrict the orc.
You kill the orc!
No target in view!
A goblin, a hobgoblin and 2 orcs come into view.
The orc shouts! x2
A hobgoblin comes into view. It is wielding a +0 club.
Things that are here:
a +0 flail; an orc corpse; a kobold skeleton You throw a stone.
The stone barely misses the orc.
A kobold comes into view. It is wielding a +0 short sword.
Robin of the Strong Arm comes into view.
They are wielding a +0 falchion.
You throw a stone. The kobold shouts!
The stone hits the orc but does no damage.
An orc comes into view.
Robin roars a battlecry!
The hobgoblins go into a battle-frenzy!
A goblin comes into view.
A goblin comes into view. It is wielding a +0 dagger.
You throw a stone. The stone barely misses the orc.
A goblin comes into view.
A goblin comes into view. It is wielding a +0 club.
You hit the orc. You grab the orc. You constrict the orc.
The orc hits you but does no damage.
You hit the orc.
You constrict the orc, but do no damage.
You hit the orc.
You kill the orc!
You hit the orc. You grab the orc. You constrict the orc.
Robin throws the goblin at you! The goblin hits you with a +0 dagger.
The orc hits you with a +0 dagger.
You take 6 damage, and have 23/29 hp.
MASSIVE DAMAGE!!
You hit the goblin. Your grab misses the goblin. You constrict the orc.
You kill the orc!
Robin throws the goblin at you! The goblin hits you but does no damage.
The goblin hits you with a +0 club.
You take 3 damage, and have 20/29 hp.
The hobgoblin barely misses you. The goblin misses you.
The goblin throws a stone.
The stone closely misses you. Robin throws the goblin at you!
The goblin hits you with a +0 dagger! The goblin misses you.
You take 10 damage, and have 10/29 hp.
MASSIVE DAMAGE!!
The goblin hits you.
* * * LOW HITPOINT WARNING * * *
You take 5 damage, and have 5/29 hp.
The goblin throws a stone.
The stone hits you but does no damage. The goblin closely misses you.
You see here a stone.
It was a potion of flight.
You feel very buoyant.
You fly up into the air.
The orc shouts!
The goblin no longer looks unusually strong.
The hobgoblin no longer looks unusually strong.
The hobgoblin hits you with a +0 club.
* * * LOW HITPOINT WARNING * * *
You take 3 damage, and have 2/29 hp.
The goblin unwields a +0 dagger.
The goblin wields a +0 hunting sling.
The goblin shoots a stone.
The stone hits you.
You die...

. ##_## #.#.# ...####### #.#.#
.ggg((...# #.#.# .gK(gg(g.#
#.#.# .......#)# #.#.#
.......#g#############.#.#
.......#..gg.g...........# ##
...#......oogg.########..#####.
.. ####...g###@#......<......'.
# #....# #.#.####.#..#####.
#....# #.#.# #.##.# #. #.(..#
#.#.# #....#####. #....# #.#.#
#........+. #....# #.#.#
#....#####. ########.#.#
#...>...... ........#.#
#...####### ........#.# #...#


You could see 2 orcs, 2 hobgoblins and 4 goblins.

Vanquished Creatures
  3 adders (D:2)
  A worm (D:3)
  3 dart slugs
  2 leopard geckos
  4 orcs (D:3)
  A giant cockroach (D:1)
  9 goblins (D:1)
  7 hobgoblins
  2 jackals (D:1)
  9 kobolds
  A quokka (D:2)
  3 ball pythons
  6 bats
  A frilled lizard (D:1)
  9 rats
61 creatures vanquished.

Notes
Turn   | Place    | Note
-------+----------+-------------------------------------------
     0 | D:1      | sokol815 the Octopode Gladiator began the quest for the
                  | Orb.
     0 | D:1      | Reached XP level 1. HP: 14/14 MP: 1/1
    53 | D:1      | Reached skill level 1 in Stealth
    59 | D:1      | Reached skill level 1 in Short Blades
    59 | D:1      | Reached XP level 2. HP: 19/19 MP: 2/2
   189 | D:1      | Reached skill level 2 in Stealth
   299 | D:1      | Reached XP level 3. HP: 24/24 MP: 3/3
   654 | D:1      | Reached skill level 3 in Stealth
   715 | D:1      | Reached skill level 2 in Short Blades
  1056 | D:2      | Found a shimmering altar of Xom.
  1058 | D:2      | Found a shimmering altar of Xom.
  1058 | D:2      | Found a shimmering altar of Xom.
  1059 | D:2      | Found a shimmering altar of Xom.
  1139 | D:2      | Reached XP level 4. HP: 28/29 MP: 4/4
  1307 | D:2      | Found a blossoming altar of Fedhas.
  1976 | D:3      | Reached skill level 4 in Stealth
  2067 | D:3      | Found a white marble altar of Elyvilon.
  2067 | D:3      | Found a hide-covered altar of Uskayaw.
  2067 | D:3      | Found a snail-covered altar of Cheibriados.
  2373 | D:3      | Found a broken altar of Ashenzari.
  2617 | D:3      | Noticed Robin
  2628 | D:3      | HP: 5/29 [goblin[Robin] (6)]
  2632 | D:3      | HP: 2/29 [hobgoblin/+0 club[Robin] (3)]
  2633 | D:3      | Shot with a stone by a goblin

Illustrated notes

Levels and vault maps discovered:
D:1:      dpeg_arrival_stone_temple_mockup, layout_loops_ring
D:2:      minmay_chambers_of_ones, layout_rooms, old_standard_altar,
          xom_redecorated
D:3:      layout_basic, nicolae_overflow_hidden_temple,
          chequers_temple_overflow_statue_of_worship, evilmike_ruin_ashenzari,
          uniq_robin, uniq_natasha

Skill      XL: |  1  2  3  4 |
---------------+-------------+-----
Stealth        | 1 2 3 4 |  4.3
Short Blades   | 1 2 |  2.9
Fighting       | |  2.0
Long Blades    | |  3.0
Throwing       | |  2.0
Dodging        | |  3.0

Action                   |  1- 3 |  4- 6 || total
-------------------------+-------+-------++-------
Melee: Dagger            |    51 |    44 ||    95
       Constrict         |    12 |    15 ||    27
       Tentacles         |     6 |     9 ||    15
Throw: Stone             |   116 |    60 ||   176
  Use: Scroll            |       |     3 ||     3
       Potion            |       |     1 ||     1
 Stab: Sleeping          |     1 |       ||     1
Armor: Skin              |     2 |     4 ||     6
Dodge: Dodged            |    18 |    24 ||    42

Table legend: (Time is in decaauts)
 A = Elapsed time spent in this place.
 B = Non-inter-level travel time spent in this place.
 C = Inter-level travel time spent in this place.
 D = Time resting spent in this place.
 E = Time spent auto-exploring this place.
 F = Levels seen in this place.
 G = Mean time per level.
                   A        B        C        D        E       F      G
               +--------+--------+--------+--------+--------+-----+--------+
         Total |   2619 |   2564 |     55 |    183 |   1976 |   3 |  873.0 |
       Dungeon |   2619 |   2564 |     55 |    183 |   1976 |   3 |  873.0 |
               +--------+--------+--------+--------+--------+-----+--------+

Top non-repeatable levels by time:
     D:2: 1031 daAuts
     D:1: 925 daAuts
     D:3: 662 daAuts

Table legend:
 A = Kills in this place as a percentage of kills in entire the game.
 B = Kills by you in this place as a percentage of kills by you in the entire game.
 C = Kills by friends in this place as a percentage of kills by friends in the entire game.
 D = Other kills in this place as a percentage of other kills in the entire game.
 E = Experience gained in this place as a percentage of experience gained in the entire game.
 F = Experience gained in this place divided by the number of levels of this place that you have seen.
                   A       B       C       D       E      F
               +-------+-------+-------+-------+-------+----------------------
         Total | 100.0 | 100.0 |   N/A |   N/A | 100.0 |  51.0
       Dungeon | 100.0 | 100.0 |   N/A |   N/A | 100.0 |  51.0
               +-------+-------+-------+-------+-------+----------------------
